 Dungeon Crawl Stone Soup version 0.31-a0-102-g33a4ccc0cb (webtiles) character file.

Game seed: 5111212179983672144

17 ytrimaz the Trooper (level 2, 0/33 HPs)
             Began as an Ogre Berserker on May 26, 2023.
             Was a Follower of Trog.
             Slain by a goblin
             ... wielding a +3 dagger of flaming
              (2 damage)
             ... on level 1 of the Dungeon.
             The game lasted 00:00:23 (321 turns).

ytrimaz the Trooper (Ogre Berserker)                 Turns: 321, Time: 00:00:23

Health: 0/33       AC:  3    Str: 20    XL:     2   Next: 62%
Magic:  2/2        EV: 10    Int:  8    God:    Trog [*.....]
Gold:   21         SH:  0    Dex:  8    Spells: 1/1 levels left

rFire   . . .        a - +0 mace
rCold   . . .        (no shield)
rNeg    . . .        b - +0 animal skin
rPois   .            (helmet restricted)
rElec   .            (no cloak)
rCorr   .            (gloves unavailable)
SInv    .            (boots unavailable)
Will    .....        (no amulet)
Stlth   +            (no ring)
HPRegen 0.25/turn    (no ring)
MPRegen 0.08/turn

%: no passive effects
@: on berserk cooldown, slowed, very slow
A: large, unfitting armour, tough skin 1
a: Renounce Religion, Berserk


You were on level 1 of the Dungeon.
You worshipped Trog.
Trog was aware of your devotion.
You visited 1 branch of the dungeon, and saw 1 of its levels.

You collected 21 gold pieces.


Innate Abilities, Weirdness & Mutations

You are too large for most types of armour.
You have tough skin. (AC +1)


   Skills:
 + Level 4.3 Fighting
 * Level 3.1 Maces & Flails
 + Level 2.9 Dodging


You had one spell level left.
You didn't know any spells.
Your spell library was empty.

Inventory:

Hand Weapons
 a - a +0 mace (weapon)
Armour
 b - a +0 animal skin (worn)
Scrolls
 c - a scroll of silence {unknown}
 d - a scroll of enchant weapon {unknown}

Dungeon Overview and Level Annotations

Branches:
Dungeon (1/15) Zot: 5667

Altars:

#.# #......... #.#
.#.+......... ##.###
#.#.#......... .....#
#.#.#.........
.....####.#.#.......#
..>.....#.#.#.#########
..........#.#...#.....#..
......†...#.#.###........
.....#....#.....@g.......
.....##.#..#######.......
.....##.#........+.......
.....##.##.....###.......
#######..................
.....#######...###.......
####.#####......######...
...#.##..+........... ...
##.#.##.##....#..####


You could see a goblin.


Message History

You now have 32 max hp (+8).
You regained 6 hp, and now have 22/32 hp.
Your mp is fully restored (2).
You now have 21 gold pieces (gained 8).
You see here a giant cockroach corpse.
You see here a +0 quarterstaff.
Key pressed, stopping explore.
Key pressed, stopping explore.
A gnoll comes into view. It is wielding a +1 whip of flaming.
The gnoll shouts! 😎 HP[+10]
Your hp is fully restored (32).
A gnoll is nearby!
A gnoll is nearby!
A gnoll is nearby!
The gnoll barely misses you.
You closely miss the gnoll.
The gnoll hits you with a +1 whip of flaming!
The gnoll burns you. 😮 HP[-9]
You take 9 damage, and now have 23/32 hp.
MASSIVE DAMAGE!! (PAUSE)
Press: ? - help, v - describe, . - travel
Here: a gnoll, wielding a +1 whip of flaming The floor.
A red film seems to cover your vision as you go berserk!
You feel yourself moving faster!
You feel mighty!
The gnoll hits you with a +1 whip of flaming.
The gnoll burns you. 😮 HP[+5]
You now have 48 max hp (+16).
You regained 5 hp, and now have 28/48 hp.
You barely miss the gnoll.
The gnoll hits you with a +1 whip of flaming.
* * * LOW HITPOINT WARNING * * *
The gnoll burns you.
* * * LOW HITPOINT WARNING * * *
😨 HP[-8]
You take 8 damage, and now have 20/48 hp.
You barely miss the gnoll. The gnoll barely misses you.
You thump the gnoll!
The gnoll hits you with a +1 whip of flaming.
* * * LOW HITPOINT WARNING * * *
The gnoll burns you.
* * * LOW HITPOINT WARNING * * *
😨 HP[-4]
You take 4 damage, and now have 16/48 hp.
You sock the gnoll!
You kill the gnoll!
Trog accepts your kill.
Your Maces & Flails skill increases to level 3! 😨 HP[+1]
You now have 49 max hp (+1).
Unknown command.
Things that are here:
a +1 whip of flaming; a gnoll corpse You feel a strong urge to attack something.
Unknown command.
Things that are here:
a +1 whip of flaming; a gnoll corpse; 😨 HP[+1]
You feel your anger nearly subside.
You are no longer berserk.
You are exhausted.
You feel yourself slow down. 😨 HP[-6]
You now have 33 max hp (-16).
Unknown command. 😨 HP[+1] Unknown command.
A goblin comes into view.
It is wielding a +3 dagger of flaming. 😨 HP[+1]
A goblin is nearby!
A goblin is nearby!
A goblin is nearby!
You are too injured to fight recklessly!
The goblin shouts! 😨 HP[+1]
The goblin hits you with a +3 dagger of flaming.
* * * LOW HITPOINT WARNING * * *
The goblin burns you.
* * * LOW HITPOINT WARNING * * *
The goblin hits you with a +3 dagger of flaming.
* * * LOW HITPOINT WARNING * * *
The goblin burns you.
* * * LOW HITPOINT WARNING * * *
Things that are here:
a +1 whip of flaming; a gnoll corpse; 😱 HP[-8]
You take 8 damage, and now have 7/33 hp.
MASSIVE DAMAGE!! (PAUSE)
You hit the goblin.
The goblin hits you with a +3 dagger of flaming.
* * * LOW HITPOINT WARNING * * *
The goblin burns you.
* * * LOW HITPOINT WARNING * * *
😱 HP[-2]
You take 2 damage, and now have 5/33 hp.
You closely miss the goblin.
The goblin hits you with a +3 dagger of flaming.
* * * LOW HITPOINT WARNING * * *
The goblin burns you.
You die...

Skill      XL: |  1  2 |
---------------+-------+-----
Maces & Flails | 3 |  3.1
Fighting       | |  4.3
Dodging        | |  2.9

Action                     || total
---------------------------++-------
  Melee: Mace              ||    29
 Invoke: Berserk           ||     1
 Armour: Animal skin       ||     4
  Dodge: Dodged            ||    14

Levels and vault maps discovered:
D:1:      minmay_arrival_glassed_features, layout_basic

Notes
Turn   | Place    | Note
-------+----------+-------------------------------------------
     0 | D:1      | ytrimaz the Ogre Berserker began the quest for the Orb.
     0 | D:1      | Reached XP level 1. HP: 24/24 MP: 1/1
     0 | D:1      | magus.rc [v1.9.6]
   173 | D:1      | Reached XP level 2. HP: 22/32 MP: 2/2
   307 | D:1      | Reached skill level 3 in Maces & Flails
   319 | D:1      | HP: 8/33 [goblin/+3 dagger of flaming (3)]
   321 | D:1      | HP: 2/33 [goblin/+3 dagger of flaming (3)]
   321 | D:1      | Slain by a goblin

Vanquished Creatures
  A gnoll (D:1)
  A giant cockroach (D:1)
  3 goblins (D:1)
  A kobold (D:1)
6 creatures vanquished.

Table legend:
 A = Non-vault XP
 B = Vault XP
 C = Vault XP percentage of total XP
 D = Non-vault monster count
 E = Vault monster count
 F = Vault count percentage of total count
                 A         B        C        D         E       F
            +---------+---------+-------+---------+---------+-------
      Total |      25 |       0 |   0.0 |       6 |       0 |   0.0
            +---------+---------+-------+---------+---------+-------
        D:1 |      25 |       0 |   0.0 |       6 |       0 |   0.0
            +---------+---------+-------+---------+---------+-------

Skill      XL: |  1  2 |
---------------+-------+-----
Maces & Flails | 3 |  3.1
Fighting       | |  4.3
Dodging        | |  2.9

Action                     || total
---------------------------++-------
  Melee: Mace              ||    29
 Invoke: Berserk           ||     1
 Armour: Animal skin       ||     4
  Dodge: Dodged            ||    14

Illustrated notes

Table legend:
 A = Kills in this place as a percentage of kills in the entire game.
 B = Kills by you in this place as a percentage of kills by you in the entire game.
 C = Kills by friends in this place as a percentage of kills by friends in the entire game.
 D = Other kills in this place as a percentage of other kills in the entire game.
 E = Experience gained in this place as a percentage of experience gained in the entire game.
 F = Experience gained in this place divided by the number of levels of this place that you have seen.
                   A       B       C       D       E      F
               +-------+-------+-------+-------+-------+----------------------
         Total | 100.0 | 100.0 |   N/A |   N/A | 100.0 |  25.0
       Dungeon | 100.0 | 100.0 |   N/A |   N/A | 100.0 |  25.0
               +-------+-------+-------+-------+-------+----------------------

Table legend: (Time is in decaauts)
 A = Elapsed time spent in this place.
 B = Non-inter-level travel time spent in this place.
 C = Inter-level travel time spent in this place.
 D = Time resting spent in this place.
 E = Time spent auto-exploring this place.
 F = Levels seen in this place.
 G = Mean time per level.
                   A        B        C        D        E       F      G
               +--------+--------+--------+--------+--------+-----+--------+
         Total |    330 |    330 |      0 |      0 |    262 |   1 |  330.0 |
       Dungeon |    330 |    330 |      0 |      0 |    262 |   1 |  330.0 |
               +--------+--------+--------+--------+--------+-----+--------+

Top non-repeatable levels by time:
     D:1: 330 daAuts
